 Dungeon Crawl Stone Soup version 0.19.5 (console) character file.

1817 Grinner the Nimble (level 8, 0/37 HPs)
             Began as a Spriggan Gladiator on Mar 5, 2017.
             Killed by divine providence
             ... invoked by an orc priest
              (17 damage)
             ... on level 6 of the Dungeon.
             The game lasted 00:15:39 (5955 turns).

Grinner the Nimble (Spriggan Gladiator)             Turns: 5955, Time: 00:15:40

Health: 0/37       AC:  3    Str: 15    XL:     8   Next: 85%
Magic:  9/9        EV: 26    Int: 10    God:
Gold:   345        SH:  3    Dex: 18    Spells: 2 memorised, 2 levels left

rFire  . . .     SeeInvis +     a - +3 scimitar (vamp)
rCold  . . .     Gourm    .     k - +0 robe
rNeg   + . .     Faith    .     (shield restricted)
rPois  .         Spirit   .     l - +1 hat
rElec  .         Reflect  +     (no cloak)
rCorr  .         Harm     .     (gloves unavailable)
MR     +....                    (boots unavailable)
Stlth  ++++......               s - +3 amulet of reflection
                                v - +4 ring of strength
                                r - ring of positive energy

@: very quick
A: unfitting armour, see invisible, herbivore 3, speed 3, slow metabolism 2
a: no special abilities


You were on level 6 of the Dungeon.
You were full.

You visited 1 branch of the dungeon, and saw 6 of its levels.

You collected 345 gold pieces.

Inventory:

Hand Weapons
 a - a +3 vampiric scimitar (weapon)
 c - a +1 dagger of venom
 y - a +1 rapier
Missiles
 d - 3 throwing nets (quivered)
Armour
 k - a +0 robe (worn)
 l - a +1 hat (worn)
Jewellery
 r - a ring of positive energy (left hand)
 s - a +3 amulet of reflection (around neck)
 v - a +4 ring of strength (right hand)
Wands
 q - a wand of paralysis (6/24)
 u - a wand of hasting (4/9)
 C - a wand of iceblast (5/15)
Scrolls
 b - a scroll of immolation {unknown}
 i - 2 scrolls of fear {unknown}
 j - 2 scrolls of recharging
 m - 3 scrolls of remove curse
 p - a scroll of amnesia
 t - 2 scrolls of magic mapping
 w - a scroll of acquirement {unknown}
 x - 5 scrolls of identify
 D - 2 scrolls of noise {unknown}
 F - a scroll of random uselessness {unknown}
Potions
 g - a potion of brilliance
 h - 2 potions of cancellation
 o - a potion of agility
 z - a potion of haste {unknown}
 A - a potion of might {unknown}
 B - a potion of degeneration {unknown}
Books
 e - a book of Misfortune

   Spells                             Type                      Level
   a - Confusing Touch                Hexes                        1
   b - Confuse                        Hexes                        3
   c - Gell's Gravitas                Hexes/Translocation          3
   d - Petrify                        Transmutation/Earth          4
   e - Metabolic Englaciation         Hexes/Ice                    5
   f - Yara's Violent Unravelling     Hexes/Transmutation          5
Comestibles
 f - 7 bread rations
 n - 2 slices of pizza


   Skills:
 - Level 1.5 Fighting
 - Level 7.0(7.2) Short Blades
 * Level 1.6(3.7) Long Blades
 - Level 2.0 Throwing
 * Level 9.9 Dodging
 * Level 9.0 Stealth
 - Level 4.3 Hexes
 + Level 2.0 Transmutations
 + Level 1.0 Earth Magic


You had 2 spell levels left.
You knew the following spells:

 Your Spells              Type           Power        Failure   Level  Hunger
f - Petrify               Tmut/Erth      #.......     99%         4    #####..
x - Confusing Touch       Hex            #.....       10%         1    ##.....


Dungeon Overview and Level Annotations

Branches:
Dungeon (6/15)
 Temple: D:4-7

Altars:
Dithmenos
Elyvilon
Fedhas
Gozag
Nemelex Xobeh
Qazlal
Ru
Sif Muna
Trog
Uskayaw
Vehumet
Xom
Yredelemnul

Shops:
D:6 :


Innate Abilities, Weirdness & Mutations

You are very small and have problems with some larger weapons.
You are too small for most types of armour.
You have supernaturally acute eyesight. (SInv)
You are a herbivore.
You cover ground extremely quickly.
You need consume almost no food.


Message History

You closely miss the orc priest.
The orc priest is moderately wounded.
You barely miss the orc priest.
The orc priest is moderately wounded.
The orc priest closely misses you.
You riposte.
You closely miss the orc priest.
The orc priest is moderately wounded.
You slash the orc priest!
The orc priest is almost dead.
The orc priest invokes the aid of Beogh against you.
Beogh smites you! The orc completely misses you.
The orc priest completely misses you.
The orc priest calls down the wrath of Beogh upon you.
Beogh smites you!
You feel better. The orc completely misses you.
The orc priest calls down the wrath of Beogh upon you.
Beogh smites you!
The orc priest invokes the aid of Beogh against you.
Beogh smites you!
You die...

#.# ### ###.##....... #.#
#.. ......>..... #.# #.#
#.#......## #.# ##.##
#.......^#
###.######...#####.....†..#
#..........oo...........#.#
#.#.######.o.#####........##
#.#....# ##.## ##..#......
#.####.####@# #..######. #.#
#.##...# #..# #. #.#
#[##.### #..######. #.#
#.##.# #......... ##.#
#.##.# #######...#####. #..#
#.##.###............... #.##
#........#######.####.. #.#
##....†......).#.## #>. #.#
#.###.....###.#..# #..


You could see 2 orc priests and an orc.

Vanquished Creatures
  The ghost of Saba the Archer, an amateur CeHu (D:3)
  3 ogres
  2 centaurs
  Blork the orc (D:6)
  2 bullfrogs (D:6)
  2 scorpions
  4 killer bees (D:3)
  2 crimson imps (D:5)
  4 hounds
  2 jellies
  2 orc priests
  A centaur skeleton (D:6)
  3 iguanas
  4 orc wizards
  2 worker ants
  6 adders
  7 gnolls
  A shadow imp (D:5)
  2 oozes
  An adder skeleton (D:4)
  2 worms
  A leopard gecko (D:5)
  10 orcs
  7 giant cockroaches
  8 goblins
  11 hobgoblins
  11 jackals
  A quokka (D:5)
  6 bats
  7 frilled lizards
  A jackal skeleton (D:5)
  4 kobolds
  6 rats
127 creatures vanquished.

Notes
Turn   | Place    | Note
-------+----------+-------------------------------------------
     0 | D:1      | Grinner the Spriggan Gladiator began the quest for the Orb.
     0 | D:1      | Reached XP level 1. HP: 10/10 MP: 2/2
   131 | D:1      | Reached skill level 1 in Stealth
   293 | D:1      | Reached XP level 2. HP: 14/14 MP: 3/3
   461 | D:1      | Found a shimmering altar of Xom.
   681 | D:1      | Reached skill level 5 in Dodging
   681 | D:1      | Reached XP level 3. HP: 2/18 MP: 4/4
  1865 | D:2      | Found a shadowy altar of Dithmenos.
  1865 | D:2      | Found a blossoming altar of Fedhas.
  1998 | D:3      | Noticed a killer bee
  2001 | D:3      | Noticed a killer bee
  2003 | D:3      | Noticed a killer bee
  2003 | D:3      | Noticed a killer bee
  2015 | D:3      | HP: 1/27 [poisoned by a killer bee]
  2017 | D:3      | Killed a killer bee
  2017 | D:3      | Reached XP level 4. HP: 22/22 MP: 5/5
  2023 | D:3      | Reached XP level 5. HP: 18/25 MP: 6/6
  2270 | D:3      | Reached skill level 5 in Short Blades
  2277 | D:3      | Reached skill level 5 in Stealth
  2571 | D:3      | Reached XP level 6. HP: 26/30 MP: 7/7
  2830 | D:3      | Noticed Saba's ghost (amateur CeHu)
  2868 | D:3      | Killed Saba's ghost
  3000 | D:3      | Found a sacrificial altar of Ru.
  3246 | D:3      | Learned a level 1 spell: Confusing Touch
  3251 | D:3      | Learned a level 4 spell: Petrify
  3459 | D:4      | Reached XP level 7. HP: 33/33 MP: 8/8
  3609 | D:4      | Reached skill level 1 in Hexes
  3984 | D:4      | Found an opulent altar of Gozag.
  4487 | D:5      | Entered Level 5 of the Dungeon
  4789 | D:5      | Reached XP level 8. HP: 28/37 MP: 9/9
  5069 | D:5      | Found a white marble altar of Elyvilon.
  5076 | D:5      | Found a radiant altar of Vehumet.
  5083 | D:5      | Found a basalt altar of Yredelemnul.
  5090 | D:5      | Found a hide-covered altar of Uskayaw.
  5097 | D:5      | Found a bloodstained altar of Trog.
  5102 | D:5      | Found a stormy altar of Qazlal.
  5113 | D:5      | Found an opulent altar of Gozag.
  5461 | D:6      | Found Saim's Book Shop.
  5466 | D:6      | Noticed Blork the orc
  5497 | D:6      | Killed Blork the orc
  5571 | D:6      | Reached skill level 1 in Transmutations
  5606 | D:6      | Found a deep blue altar of Sif Muna.
  5628 | D:6      | Reached skill level 1 in Long Blades
  5798 | D:6      | Reached skill level 1 in Earth Magic
  5924 | D:6      | Found a sparkling altar of Nemelex Xobeh.
  5955 | D:6      | Killed from afar by an orc priest

Skill      XL: |  1  2  3  4  5  6  7  8 |
---------------+-------------------------+-----
Stealth        | 1 2 3 4 5 6 7 9 |  9.0
Dodging        | 5 6 7 8 9 |  9.9
Short Blades   | 4 5 6 7 |  7.0
Hexes          | 3 4 |  4.3
Transmutations | 2 |  2.0
Long Blades    | 1 |  1.6
Earth Magic    | 1 |  1.0
Fighting       | |  1.5
Throwing       | |  2.0

Action                   |  1- 3 |  4- 6 |  7- 9 || total
-------------------------+-------+-------+-------++-------
Melee: Rapier            |    81 |    33 |    44 ||   158
       Dagger            |    71 |   107 |   149 ||   327
       Unarmed           |       |     1 |       ||     1
       Scimitar          |       |       |    26 ||    26
Throw: Throwing net      |     2 |       |       ||     2
 Cast: Confusing Touch   |       |     1 |       ||     1
  Use: Potion            |     4 |     2 |     4 ||    10
       Scroll            |       |     9 |     3 ||    12
 Stab: Sleeping          |     6 |     4 |    16 ||    26
       Distracted        |     1 |     2 |       ||     3
       Confused          |       |     1 |       ||     1
  Eat: Bread ration      |       |     1 |     1 ||     2
Armor: Robe              |     3 |     5 |    11 ||    19
       Skin              |     4 |    32 |       ||    36
Dodge: Dodged            |   140 |    69 |   177 ||   386
Block: Other             |       |     2 |    19 ||    21
       Rpst.: Scimitar   |       |       |    14 ||    14
